 Dungeon Crawl Stone Soup version 0.30-a0-824-g6c64550be9 (webtiles) character file.

Game seed: 6509143499963888437

54 sircluck the Covert (level 3, -3/35 HPs)
             Began as a Gnoll Delver on Feb 27, 2023.
             Slain by a mummy (19 damage)
             ... in an ossuary.
             The game lasted 00:00:56 (367 turns).

sircluck the Covert (Gnoll Delver)                   Turns: 367, Time: 00:00:57

Health: -3/35      AC:  3    Str: 13    XL:     3   Next: 91%
Magic:  4/4        EV: 13    Int:  9    God:
Gold:   48         SH:  0    Dex: 13    Spells: 4/4 levels left

rFire   . . .      SeeInvis .    a - +0 falchion
rCold   . . .      Faith    .    (no shield)
rNeg    . . .      Spirit   .    b - +0 leather armour
rPois   .          Reflect  .    (no helmet)
rElec   .          Harm     .    (no cloak)
rCorr   .          Rampage  .    (no gloves)
Will    .....                    (no boots)
Stlth   ++++                     (no amulet)
HPRegen 0.25/turn                l - ring of wizardry
MPRegen 0.09/turn                (no ring)

@: no status effects
A: fangs 1, strong nose, distributed training
a: no special abilities


You were in an ossuary.
You visited 1 branch of the dungeon, and saw 1 of its levels.
You also visited: Ossuary.

You collected 48 gold pieces.

Inventory:

Hand Weapons
 a - a +0 falchion (weapon)
Missiles
 j - 5 stones (quivered)
 k - 4 poisoned darts
Armour
 b - a +0 leather armour (worn)
Jewellery
 l - a ring of wizardry (left hand)
Wands
 g - a wand of digging (3)
Scrolls
 c - a scroll of fog
 d - a scroll of magic mapping
 e - a scroll of fear
 m - a scroll of identify {unknown}
 n - a scroll of blinking {unknown}
 o - a scroll of enchant armour {unknown}
Potions
 f - a potion of haste
 h - a potion of mutation {unknown}
 i - a potion of invisibility {unknown}


   Skills:
 + Level 6.5 Fighting
 + Level 1.0 Short Blades
 + Level 4.6 Long Blades
 + Level 1.0 Axes
 + Level 1.0 Maces & Flails
 + Level 1.0 Polearms
 + Level 1.0 Staves
 + Level 1.0 Ranged Weapons
 + Level 1.0 Throwing
 + Level 1.0 Armour
 + Level 4.6 Dodging
 + Level 9.6 Stealth
 + Level 1.0 Shields
 + Level 1.0 Unarmed Combat
 + Level 1.0 Spellcasting
 + Level 0.7 Conjurations
 + Level 0.7 Hexes
 + Level 0.7 Summonings
 + Level 0.7 Necromancy
 + Level 0.7 Translocations
 + Level 0.7 Transmutations
 + Level 0.7 Fire Magic
 + Level 0.7 Ice Magic
 + Level 0.7 Air Magic
 + Level 0.7 Earth Magic
 + Level 0.7 Poison Magic
 + Level 1.1 Invocations
 + Level 1.0 Evocations


You had 4 spell levels left.
You didn't know any spells.
Your spell library was empty.

Dungeon Overview and Level Annotations

Branches:
Dungeon (5/15)            Ossuary (1/1)
 Temple: D:4-7

Altars:


Innate Abilities, Weirdness & Mutations

You have very sharp teeth.
Your uncanny sense of smell can sniff out nearby items.
Your experience applies equally to all skills.


Message History

You destroy the hobgoblin zombie!
There is an empty arch of ancient stone here.
You hit the hobgoblin zombie.
The hobgoblin zombie is heavily damaged.
You slash the hobgoblin zombie!
You destroy the hobgoblin zombie!
You hit the mummy.
The mummy is lightly damaged.
The mummy hits you!
You hit the mummy but do no damage.
The mummy is lightly damaged.
The mummy misses you.
You barely miss the mummy. You bite the mummy, but do no damage.
The mummy is lightly damaged.
You hit the mummy but do no damage.
The mummy is lightly damaged.
The mummy barely misses you.
You hit the mummy.
The mummy is moderately damaged.
You hit the mummy.
The mummy is heavily damaged.
The mummy hits you!
You hit the mummy but do no damage. You bite the mummy, but do no damage.
The mummy is heavily damaged.
The mummy barely misses you.
You hit the mummy.
The mummy is severely damaged.
You hit the mummy.
The mummy is severely damaged.
The mummy misses you.
You hit the mummy. Your bite misses the mummy.
The mummy is almost destroyed.
The mummy closely misses you.
You hit the mummy but do no damage.
The mummy is almost destroyed.
You hit the mummy but do no damage.
The mummy is almost destroyed.
The mummy hits you!!
Ouch! That really hurt!
You die...

#......
#....#
#....#
∆
#....#
∆
#....#
∆
#....#
∆
#....#
∆∆
#..M.#
∆∆∆ ∆
#..@.#
∆∆
#.∩∩.#
∆∆
######


You could see a mummy.

Vanquished Creatures
  An orc wizard (D:5)
  2 adders (D:5)
  A worm zombie (D:5)
  3 orcs (D:5)
  3 hobgoblin zombies
10 creatures vanquished.

Notes
Turn   | Place    | Note
-------+----------+-------------------------------------------
     0 | D:5      | Reached skill level 9 in Stealth
     0 | D:5      | sircluck the Gnoll Delver began the quest for the Orb.
     0 | D:5      | Reached XP level 1. HP: 23/23 MP: 1/1
    73 | D:5      | Reached XP level 2. HP: 29/29 MP: 2/2
   148 | D:5      | Reached XP level 3. HP: 23/35 MP: 2/4
   150 | D:5      | Reached skill level 1 in Invocations
   268 | D:5      | Reached skill level 1 in Short Blades
   268 | D:5      | Reached skill level 1 in Axes
   268 | D:5      | Reached skill level 1 in Maces & Flails
   268 | D:5      | Reached skill level 1 in Polearms
   268 | D:5      | Reached skill level 1 in Staves
   268 | D:5      | Reached skill level 1 in Ranged Weapons
   268 | D:5      | Reached skill level 1 in Throwing
   268 | D:5      | Reached skill level 1 in Armour
   268 | D:5      | Reached skill level 1 in Shields
   268 | D:5      | Reached skill level 1 in Unarmed Combat
   268 | D:5      | Reached skill level 1 in Spellcasting
   268 | D:5      | Reached skill level 1 in Evocations
   308 | D:5      | Found a sand-covered staircase.
   331 | Ossuary  | Entered an ossuary
   367 | Ossuary  | Slain by a mummy

Illustrated notes

Levels and vault maps discovered:
D:5:      layout_basic, enter_ossuary_3
Ossuary:  ossuary_tomb_3

Skill      XL: |  1  2  3 |
---------------+----------+-----
Stealth        | |  9.6
Invocations    | 1 |  1.1
Short Blades   | 1 |  1.0
Axes           | 1 |  1.0
Maces & Flails | 1 |  1.0
Polearms       | 1 |  1.0
Staves         | 1 |  1.0
Ranged Weapons | 1 |  1.0
Throwing       | 1 |  1.0
Armour         | 1 |  1.0
Shields        | 1 |  1.0
Unarmed Combat | 1 |  1.0
Spellcasting   | 1 |  1.0
Evocations     | 1 |  1.0
Fighting       | |  6.5
Long Blades    | |  4.6
Dodging        | |  4.6
Conjurations   | |  0.7
Hexes          | |  0.7
Summonings     | |  0.7
Necromancy     | |  0.7
Translocations | |  0.7
Transmutations | |  0.7
Fire Magic     | |  0.7
Ice Magic      | |  0.7
Air Magic      | |  0.7
Earth Magic    | |  0.7
Poison Magic   | |  0.7

Action                     || total
---------------------------++-------
  Melee: Falchion          ||    58
         Bite              ||     6
   Stab: Sleeping          ||     2
 Armour: Leather armour    ||     3
  Dodge: Dodged            ||    36

Table legend: (Time is in decaauts)
 A = Elapsed time spent in this place.
 B = Non-inter-level travel time spent in this place.
 C = Inter-level travel time spent in this place.
 D = Time resting spent in this place.
 E = Time spent auto-exploring this place.
 F = Levels seen in this place.
 G = Mean time per level.
                   A        B        C        D        E       F      G
               +--------+--------+--------+--------+--------+-----+--------+
         Total |    370 |    347 |     23 |      0 |    221 |   2 |  185.0 |
       Dungeon |    333 |    310 |     23 |      0 |    221 |   1 |  333.0 |
       Ossuary |     37 |     37 |      0 |      0 |      0 |   1 |   37.0 |
               +--------+--------+--------+--------+--------+-----+--------+

Top non-repeatable levels by time:
     D:5: 333 daAuts
 Ossuary: 37 daAuts
